Cogmind - Beta 13 *** ADVENTURER MODE // 2024.06.29 @ 10:12:48 Player: yub Result: Destroyed by D-53 Grenadier with Mini Grenade Launcher Performance ------------- Evolutions (0) 0 Regions Visited (2) 400 Robots Destroyed (14) 70 Value Destroyed (291) 291 Prototype IDs (0) 0 Alien Tech Used (0) 0 Bonus (-39) -39 TOTAL SCORE: 722 Bonus ------- Friendly Fire -39 Cogmind --------- Core Integrity 0/250 Matter 245/300 Energy 95/100 System Corruption 0% Temperature Cool (3) Movement Walking (120) Location -10/Mines Parts ------- > --- POWER (1) -------- (None) > --- PROPULSION (2) --- Aluminum Leg Flexi-carbon Leg > --- UTILITY (2) ------ Medium Storage Unit Visual Processing Unit > --- WEAPON (2) ------- (None) > --- INVENTORY (10) --- Medium Matter Pod (100) Medium Laser Assault Rifle Light Assault Rifle Grenade Launcher Mining Laser Peak State ------------ > --- POWER ------------ Light Ion Engine > --- PROPULSION ------- Aluminum Leg Flexi-carbon Leg > --- UTILITY ---------- Medium Storage Unit Visual Processing Unit > --- WEAPON ----------- Beam Cannon Bore Cannon > --- INVENTORY -------- Medium Matter Pod Medium Laser Assault Rifle Light Assault Rifle Grenade Launcher Mining Laser [Rating: 16] Favorites ----------- Power Ion Engine Engine Ion Engine Propulsion Aluminum Leg Leg Aluminum Leg Utility Tractor Beam Device Tractor Beam Storage Medium Storage Unit Processor Visual Processing Unit Weapon Assault Rifle Energy Gun Medium Laser Energy Cannon Beam Cannon Ballistic Gun Assault Rifle Ballistic Cannon Bore Cannon Launcher Grenade Launcher Build | -11 -10 -10 ------- Run | Yrd Mat Min Slots Evolved . | . . . Power . | . . . Propulsion . | . . . Utility . | . . . Weapon . | . . . Parts Attached 15 | 6 3 6 Power 2 | 1 . 1 Engine 2 | 1 . 1 Core . | . . . Reactor . | . . . Propulsion 4 | 2 . 2 Treads . | . . . Leg 4 | 2 . 2 Wheel . | . . . Hover . | . . . Flight . | . . . Utility 4 | 1 2 1 Device 1 | . 1 . Storage 2 | 1 1 . Processor 1 | . . 1 Hackware . | . . . Protection . | . . . Artifact . | . . . Weapon 5 | 2 1 2 Energy Gun 1 | 1 . . Energy Cannon 1 | . 1 . Ballistic Gun 1 | 1 . . Ballistic Cannon 1 | . . 1 Launcher 1 | . . 1 Special Weapon . | . . . Impact Weapon . | . . . Slashing Weapon . | . . . Piercing Weapon . | . . . Special Melee Weapon . | . . . Unidentified Prototypes . | . . . Parts Lost 7 | . . 7 Power 2 | . . 2 Propulsion 2 | . . 2 Utility 1 | . . 1 Weapon 2 | . . 2 Highest Loss Streak 4 | . . 4 To Critical Strikes . | . . . Average Slot Usage (%) 98 | . 99 91 Engine 14 | . 14 14 Leg 27 | . 28 23 Device 12 | . 13 7 Storage 14 | . 14 14 Energy Gun 6 | . 8 . Energy Cannon 7 | . 5 13 Ballistic Gun 12 | . 14 7 Launcher 1 | . . 6 Naked Turns . | . . . Heaviest Build 21 | 14 21 21 Greatest Support 30 | 20 20 30 Greatest Overweight (x) 6 | . 1 6 Average Overweight (x) . | . . . Largest Inventory Capacity 10 | 8 10 10 Average Capacity 9 | 6 9 10 Most Carried 10 | 5 7 10 Average Carried 4 | 2 3 7 Final Capacity 10 | 8 10 10 Final Carried 7 | 2 7 6 Class Distribution -------------------- 100% | Mutant Dominant Class ---------------- Mutant | -10/Materials Mutant | -10/Mines Resources | -11 -10 -10 ----------- Run | Yrd Mat Min Matter Collected 528 | 165 295 68 Remotely 361 | . 295 66 Salvage Created 419 | . 372 47 Parts 24 | . 24 . Haulers Intercepted . | . . . Recyclers Shooed . | . . . Parts Field Recycled . | . . . Retrieved Matter . | . . . Parts Self-Destructed . | . . . Prevented . | . . . Kills | -11 -10 -10 ------- Run | Yrd Mat Min Combat Hostiles Destroyed 24 | . 11 13 Guns 7 | . 7 . Cannons 7 | . 4 3 AOE 10 | . . 10 Classes Destroyed 4 | . 3 1 Watcher 3 | . 3 . Swarmer 6 | . 6 . Grunt 5 | . 5 . Assembled 13 | . . 13 Best Kill Streak 13 | . 5 13 Combat Bots Only 13 | . 5 13 Max Kills in Single Turn 4 | . 1 4 Gunslinging . | . . . Exploded 4 | . . 4 Melee . | . . . Uniques/NPCs Destroyed . | . . . Combat | -11 -10 -10 -------- Run | Yrd Mat Min Hostile Shots Fired 82 | . 38 44 Missed 19 | . 12 7 Damage Taken 926 | . 233 693 Core 268 | . 68 200 Absorbed by Shields . | . . . Ignored by Resistances 262 | . 68 194 Core Remaining (%) 100 | 100 . . Volleys Fired 55 | . 44 11 Largest 2 | . 2 2 Hottest 117 | . 80 117 Shots Fired 89 | . 72 17 Gun 53 | . 52 1 Cannon 32 | . 20 12 Launcher 4 | . . 4 Special . | . . . Kinetic 41 | . 39 2 Thermal 44 | . 33 11 Explosive 4 | . . 4 Electromagnetic . | . . . Robot Hit Streak 11 | . 9 11 Robot Miss Streak 5 | . 5 1 Penetration Max . | . . . Secondary Targets . | . . . Shots Hit Robots 51 | . 38 13 Core Hits 47 | . 19 28 Critical Kills . | . . . Critical Parts Destroyed . | . . . Critical Strikes 1 | . . 1 Destroy 1 | . . 1 Melee Attacks . | . . . Impact . | . . . Slashing . | . . . Piercing . | . . . Sneak Attacks . | . . . Combat Hostiles . | . . . Follow-up Attacks . | . . . Damage Inflicted 1535 | . 569 966 Guns 324 | . 312 12 Cannons 417 | . 246 171 Explosions 783 | . . 783 Melee . | . . . Ramming 11 | . 11 . Kinetic 286 | . 261 25 Thermal 455 | . 297 158 Explosive 783 | . . 783 Electromagnetic . | . . . Impact . | . . . Slashing . | . . . Piercing . | . . . Highest Corruption . | . . . Average Corruption . | . . . Corruption Purged . | . . . Corruption Blocked . | . . . Overload Shots . | . . . Overflow Damage 19 | . 5 14 Projectiles 5 | . 5 . Explosions 14 | . . 14 Melee . | . . . Knockbacks . | . . . Impact . | . . . Kinetic . | . . . Secondary . | . . . Self-Inflicted Damage 30 | . . 30 Shots 2 | . . 2 Rammed . | . . . Targets Rammed 2 | . 2 . Kicked 2 | . 2 . Crushed . | . . . Highest Temperature 320 | . 198 320 Average Temperature 87 | . 66 142 Received Heat Transfer 190 | . 90 100 Effects 1 | . . 1 Damage (minor) 1 | . . 1 Siege Activations . | . . . Robots Corrupted . | . . . Combat Hostiles . | . . . Parts Fried . | . . . Impact Corruptions . | . . . Robots Melted . | . . . Combat Hostiles . | . . . Parts Melted 1 | . 1 . Heat Transferred 999 | . 666 333 Parts Sabotaged . | . . . Parts Stolen . | . . . Parts Stripped . | . . . Power Chain Reactions . | . . . Alert | -11 -10 -10 ------- Run | Yrd Mat Min Peak Influence 151 | . 151 55 Initial 45 | . . 45 Average 46 | . 51 31 Maximum Alert Level . | . . . Low Security (%) 100 | 100 100 100 Level 1 . | . . . Level 2 . | . . . Level 3 . | . . . Level 4 . | . . . Level 5 . | . . . High Security . | . . . Max Security . | . . . Squads Dispatched . | . . . Investigation . | . . . Extermination . | . . . Reinforcement . | . . . Assault . | . . . Garrison . | . . . Intercept . | . . . Searches Triggered . | . . . Construction Impeded . | . . . Haulers Reinforced . | . . . Active Scanning Responses . | . . . Cargo Convoy Interrupts . | . . . Stealth | -11 -10 -10 --------- Run | Yrd Mat Min Distress Signals 1 | . 1 . Communications Jammed . | . . . Distress Signals . | . . . Times Spotted 33 | . 15 18 Peak Tracking Total 11 | . 3 11 Tactical Retreats . | . . . Traps | -11 -10 -10 ------- Run | Yrd Mat Min Traps Triggered 2 | . 2 . Indirectly . | . . . Trap Hack Attempts . | . . . Triggered . | . . . Disarmed . | . . . Reprogrammed . | . . . Reused . | . . . Traps Extracted . | . . . Installed . | . . . Triggered . | . . . Machines | -11 -10 -10 ---------- Run | Yrd Mat Min Machines Disabled . | . . . Max in Single Turn . | . . . Machines Repaired . | . . . Machines Dismantled . | . . . Machines Sabotaged . | . . . Overloaded Fab Kills . | . . . Hacking | -11 -10 -10 --------- Run | Yrd Mat Min Machines Accessed 8 | . 7 1 Terminals 7 | . 7 . Fabricators . | . . . Repair Stations . | . . . Recycling Units . | . . . Scanalyzers . | . . . Garrison Access . | . . . Total Hacks 15 | . 14 1 Successful 13 | . 12 1 Failed 2 | . 2 . Catastrophic . | . . . Database Lockouts . | . . . Manual 9 | . 9 . Terminals 14 | . 14 . Fabricators . | . . . Repair Stations . | . . . Recycling Units . | . . . Scanalyzers . | . . . Garrison Access . | . . . Terminal Hacks 6 | . 5 1 Open Door 1 | . . 1 Alert Level 1 | . 1 . Locate Traps 2 | . 2 . Dispatch Records 1 | . 1 . Zone Layout 1 | . 1 . Fabricator Hacks . | . . . Repair Station Hacks . | . . . Recycling Unit Hacks . | . . . Scanalyzer . | . . . Garrison Access Hacks . | . . . Unauthorized Hacks 7 | . 7 . Terminals 7 | . 7 . Botnet 7 | . 7 . Fabricators . | . . . Repair Stations . | . . . Recycling Units . | . . . Scanalyzers . | . . . Garrison Access . | . . . Data Cores Recovered . | . . . Used . | . . . Hacking Detections 4 | . 4 . Full Trace Events . | . . . Feedback Events . | . . . Feedback Blocked . | . . . Robot Schematics Acquired . | . . . Robots Built . | . . . Authchips . | . . . Time . | . . . Total Robot Build Rating . | . . . Part Schematics Acquired . | . . . Parts Built . | . . . Authchips . | . . . Time . | . . . Total Part Build Rating . | . . . Parts Repaired . | . . . Time . | . . . Parts Recycled . | . . . Recycled Matter . | . . . Retrieved Matter . | . . . Retrieved Components . | . . . Parts Scanalyzed . | . . . Part Schematics Acquired . | . . . Parts Damaged . | . . . Bothacking | -11 -10 -10 ------------ Run | Yrd Mat Min Used RIF Installer . | . . . Robots Hacked . | . . . Non-combat . | . . . Combat . | . . . Robot Hacks Applied . | . . . Relay Couplers Released . | . . . Fabnet Peak Effective % . | . . . Robots Rewired . | . . . Allies Hacked . | . . . Hacks Repelled . | . . . Allies | -11 -10 -10 -------- Run | Yrd Mat Min Total Allies 1 | . . 1 Largest Group 1 | . . 1 Highest-Rated Group 31 | . . 31 Highest-Rated Ally 31 | . . 31 Total Orders . | . . . Ally Attacks 5 | . . 5 Total Damage 108 | . . 108 Kills 3 | . . 3 Allies Corrupted . | . . . Allies Melted . | . . . Intel | -11 -10 -10 ------- Run | Yrd Mat Min Robot Analysis Total . | . . . Derelict Logs Recovered . | . . . Drone Launches . | . . . Drone Recoveries . | . . . Exploration | -11 -10 -10 ------------- Run | Yrd Mat Min Turns Passed 1382 | 48 1096 238 Spaces Moved 834 | 38 684 112 Core 19 | 13 . 6 Treads . | . . . Legs 815 | 25 684 106 Wheels . | . . . Hover . | . . . Flight . | . . . Fastest Speed 50 | 50 120 120 Average Speed 141 | 96 140 164 Slowest Speed 350 | 120 190 350 Overloaded Moves . | . . . Propulsion Burnouts . | . . . Robots Hopped . | . . . Cave-ins Triggered . | . . . Exploration Rate (%) 37 | 3 80 28 Regions Visited 2 Branch Regions 1 Pre-discovered Areas . | . . . Known Exits Taken . | . . . Unknown Exits Taken 2 | 1 1 . Scrap Searched . | . . . Spaces Dug . | . . . Terrain Destroyed 22 | . . 22 Melee . | . . . Projectile . | . . . AOE 22 | . . 22 Terrain Rammed . | . . . Walls Destroyed . | . . . Machines Disabled . | . . . Actions | -11 -10 -10 --------- Run | Yrd Mat Min Total 945 | 48 748 149 Wait 24 | . 8 16 Move 832 | 37 683 112 Hop . | . . . Pick Up 15 | 5 7 3 Fast Attach 3 | 3 . . Attach 9 | 3 1 5 Detach 1 | . . 1 Swap 3 | . 2 1 Drop 1 | . 1 . Fire 55 | . 44 11 Melee . | . . . Ram . | . . . Kick 2 | . 2 . Crush . | . . . Escape Stasis . | . . . Rewire . | . . . Trap . | . . . Miscellaneous . | . . . Route ------- -11/Scrapyard -10/Materials (discovered 4 exits: [*Mat x2] / *Min x2) -10/Mines History --------- Turn | Location | Event 9 | -11/Scrapyard | Discovered new exit (range 16) 49 | -11/Scrapyard | Entered Materials 268 | -10/Materials | Discovered new exit (range 8) 314 | -10/Materials | Build established: Mutant 474 | -10/Materials | Discovered new exit (range 9) 474 | -10/Materials | Discovered new exit (range 17) 672 | -10/Materials | Discovered new exit (range 6) 1145 | -10/Materials | Entered Mines 1148 | -10/Mines | Received a Mining Laser from a helpful Derelict 1206 | -10/Mines | Met a Derelict who couldn't figure out how to use a Trap Extractor 1244 | -10/Mines | Assembled infested the area 1249 | -10/Mines | Assisted by a Guerilla fighting off Assembled 1270 | -10/Mines | Core integrity fell below 50% 1306 | -10/Mines | Destroyed 13 combat bots 1313 | -10/Mines | Lost 3 parts (2n1u) 1373 | -10/Mines | Core integrity fell below 20% 1383 | -10/Mines | Destroyed by D-53 Grenadier with Mini Grenade Launcher Last Messages --------------- 01367_ Ion Engine destroyed. 01368_ U-05 Engineer lays Concrete. 01372_ D-53 Grenadier suffers critical hit (Destroy). 01372_ U-05 Engineer lays Concrete. 01372_ U-05 Engineer builds a Wall. 01373_ U-05 Engineer lays Concrete. 01374_ Bore Cannon destroyed. 01374_ U-05 Engineer lays Concrete. 01374_ Beam Cannon destroyed. 01375_ The unstable cave ceiling collapses. 01375_ U-05 Engineer lays Concrete. 01376_ The unstable cave ceiling collapses. 01376_ U-05 Engineer lays Concrete. 01378_ The unstable cave ceiling collapses. 01379_ U-05 Engineer lays Concrete. 01379_ U-05 Engineer builds a Wall. 01380_ U-05 Engineer lays Concrete. 01381_ U-05 Engineer builds a Wall. 01381_ Lgt. Ion Engine destroyed. Map ----- +----------------------------------------------------+ | ??????????????????????????????????????????????? | | ??????????????????????????????????????????????? | | ??????????????????????????????????????????????? | | ????????????????????????????? ???????????????? | | ????????????????????????????? ???????????????? | | ????????????????????????????? #??????????????? | | ???????????????????????##???# #??????????????? | | ?????????????????????###"???# #??????????????? | | ????????????????#???## #### #??????????????? | | ????????????????# ?## # #??????????????? | | ???????????????? # #??????????????? | | ????????????????? #####??????????? | | ?????????????????? ???????????? | | ??????????????????? ????????????? | | ????????????????????? #????????????? | | ??????????????????????# ?????????????? | | ???????????????????????# %??????????????? | | ????????????????????????# ##?????????????? | | ????????????????????????# t#####??????????? | | ????????????????#####???# ## ######?????? | | ?????????????#### ##??# d d% #?????? | | ????????????## ##?## "##????? | | ????????????# #### u # # #????? | | ????????????# u# ## #????? | | ????????????# # #????? | | ????????????# ## @ ## #????? | | ????###??#### ### ### ##????? | | ????# !### #?## ######?????? | | ????# !^*# ##??# #?????????? | | ????# !!== ##??# ##?????????? | | ????# =^* #??# #??????????? | | ????# !^=# ##?##### # # #??????????? | | ????# !### ##????######## ##??????????? | | ????##??# ##??????????####???????????? | | ????????## ##????????????????????????? | | ?????????####### #????????????????????????? | | ???????????????## #????????????????????????? | | ???????????###### #????????????????????????? | | ???######??# #????????????????????????? | | ??## #### ##### ##????????????????????????? | | ??# #???####?????????????????????????? | | ??# #????????????????????????????????? | | ??## ###????????????????????????????????? | | ???### #??????????????????????????????????? | | ?????## #??????????????????????????????????? | | ?????## #??????????????????????????????????? | | ????## #??????????????????????????????????? | | ????# #??????????????????????????????????? | | ????# #??????????????????????????????????? | | ????# ##??????????????????????????????????? | +----------------------------------------------------+ Best States ------------- Heat Dissipation 25 Energy Generation 10 Energy Capacity 250 Matter Stores 300 Matter Capacity 300 Sight Range 18 Terrain Scan Density 10 Resistance: KI 20 Resistance: TH 20 Resistance: EX 20 Resistance: EM 20 Resistance: I 20 Resistance: S 20 Resistance: P 20 Evasion (%) 55 Offensive Hacking 10 Item Schematics ----------------- None Robot Schematics ------------------ None Fabricated ------------ Nothing Alien Tech Used ----------------- None Achievements -------------- None Challenges ------------ None Game ------ Seed ExplosiveMakeshiftMatter Manual? 0 Play Time 00:12:23 Cumulative 67.8 hours Start 2024.06.29 @ 10:02:48 End 2024.06.29 @ 10:12:48 Sessions 1 Manual Loads 0 Difficulty Adventurer Special Mode None Game No. 98 Rogue 17 Adventurer 81 Explorer 0 Win Type - Total 0 Types 0/0/0/0/0/0/0/0/0 Lore% 30 Gallery% 52 Achievement% 42 Wizard Run 0 Options --------- Layout 1 ASCII 0 Keyboard 0 Movement Mouse Keybinds 0 Fullscreen 1 Font 32/SmallcapsGlow Map View 50x35 Zoom Use 0% Tactical HUD 1 Map Filters NONE Filters NONE Steam 1 RUN: 5c26b142-d23e-43a1-ae88-364a45153736